 Dungeon Sprint DCSS version 0.19.4-8-ga85b6b9 (webtiles) character file.

8600000 protoss039 the Invulnerable (level 27, -45/273 HPs)
             Began as a Ghoul Wanderer on Feb 13, 2017.
             Was the Champion of Makhleb.
             Annihilated by The Servant
             ... wielding a +9 glaive of flaming
              (87 damage)
             ... in the Dungeon (Sprint VIII: "Arena of Blood").
             The game lasted 00:03:30 (86 turns).

protoss039 the Invulnerable (Ghoul Wanderer)          Turns: 86, Time: 00:03:30

Health: -45/273    AC: 15    Str: 28    XL:     27
Magic:  35/53      EV: 23    Int:  6    God:    Makhleb [******]
Gold:   0          SH:  0    Dex: 10    Spells: 0 memorised, 80 levels left

rFire  . . .     SeeInvis .     l - +∞ Axe of Woe
rCold  + . .     Gourm    .     a - +2 scale mail
rNeg   + + +     Faith    .     (shield currently unavailable)
rPois  ∞         Spirit   .     (no helmet)
rElec  .         Reflect  .     (no cloak)
rCorr  .         Harm     .     (no gloves)
MR     ++...     NoTele   +     (no boots)
Stlth  ++++++++..               (no amulet)
                                (no ring)
                                (no ring)

@: rotting
A: rotting body, claws 1, carnivore 3, cold resistance 1, negative energy
resistance 3, slow regeneration 1, torment resistance, unbreathing
a: Minor Destruction, Lesser Servant of Makhleb, Major Destruction, Greater
Servant of Makhleb, Renounce Religion


You were in the Dungeon.
You worshipped Makhleb.
Makhleb was exalted by your worship.
You were not hungry.

You visited 1 branch

Inventory:

Hand Weapons
 b - a +0 hand axe
 d - a +0 blowgun
 l - the +∞ Axe of Woe (weapon)
   (You found it in the Dungeon)
Missiles
 c - 11 poisoned needles
Armour
 a - a +2 scale mail (worn)
Scrolls
 k - a scroll of blinking
Potions
 e - a potion of curing
 g - a potion of heal wounds
 h - a potion of haste
 i - 2 potions of magic
 j - a potion of berserk rage
Comestibles
 f - a meat ration


   Skills:
 O Level 27 Fighting
   Level 1.0 Short Blades
 O Level 27 Axes
   Level 1.7 Bows
 O Level 27 Throwing
 O Level 27 Armour
 O Level 27 Dodging
 O Level 27 Stealth
 O Level 27 Unarmed Combat
 O Level 27 Spellcasting
 O Level 27 Invocations


You had 80 spell levels left.
You didn't know any spells.

Dungeon Overview and Level Annotations

Branches:
Dungeon (1/1)

Altars:
Makhleb

Annotations:
D The Servant


Innate Abilities, Weirdness & Mutations

Your body is rotting away.
You thrive on raw meat.
You are immune to poison.
You have sharp fingernails.
You are carnivorous and can eat meat at any time.
Your flesh is cold resistant. (rC+)
You are immune to negative energy. (rN+++)
You regenerate slowly when monsters are visible.
You are immune to unholy pain and torment.
You can survive without breathing.


Message History

Unknown command.
Unknown command.
Autopickup is now off.
Autopickup is now on.
You slice the large abomination!!
You chop the large abomination into pieces.
You destroy the large abomination!
You slash the tentacled monstrosity!
You slaughter the tentacled monstrosity joyfully.
You kill the tentacled monstrosity!
You hit the large abomination.
You butcher the large abomination messily.
You destroy the large abomination!
You carve the large abomination like a ham!!!
You cleave the large abomination in twain.
You destroy the large abomination!
The tyrant gestures wildly while chanting.
You hear a shout! x6
The Servant hits you from afar with a +9 glaive of flaming!!!!
You die... ..o....%. #......%# .. #.....%%# .. ...###oo. ...###... ..XXoooo###.%...... #...oLoXLXo.O...... ......#)@oX.#.. ....o #XoXX_#

.
......#.V@).#....
#......))_)..%....
C.......###.......
...###{.. .O.###..
. #... .%.# . #..
oo.# ... ....%
.... .o.. ....


You could see 2 tentacled monstrosities, 2 tyrants, The Servant, a destroyer, 4
large abominations, 2 meat berserkers and 10 bags of meat.

Vanquished Creatures
  Sigmund (D)
  A hell beast (D)
  A greater mummy (D)
  2 wraiths (D)
  17 vampire knights (D)
  29 ogres (D)
  3 liches (D)
  37 orcs (D)
  A phantom (D)
  5 hill giants (D)
  2 skeletal warriors (D)
  4 large abominations (D)
  4 small abominations (D)
  2 crawling corpses (D)
109 creatures vanquished.

Notes
Turn   | Place    | Note
-------+----------+-------------------------------------------
     0 | D        | protoss039 the Ghoul Wanderer began the quest for the Orb.
     0 | D        | protoss039 set off with: a +2 scale mail, a +0 hand axe, 11 poisoned needles, a +0 blowgun, a potion of curing, a meat ration, a potion of heal wounds, a potion of haste, 2 potions of magic, a potion of berserk rage, a scroll of blinking
     0 | D        | Reached XP level 1. HP: 17/17 MP: 0/0
     3 | D        | Noticed a bag of meat
     3 | D        | Became a worshipper of Makhleb the Destroyer
     4 | D        | Noticed a bag of meat
     6 | D        | Noticed a meat berserker
     8 | D        | Noticed a bag of meat
     9 | D        | Noticed a meat berserker
    10 | D        | Noticed a bag of meat
    11 | D        | Noticed a bag of meat
    11 | D        | Noticed a bag of meat
    11 | D        | Noticed a meat berserker
    11 | D        | Noticed a meat berserker
    12 | D        | Noticed a bag of meat
    13 | D        | Killed a meat berserker
    13 | D        | Reached skill level 10 in Axes
    13 | D        | Reached skill level 10 in Dodging
    13 | D        | Reached XP level 2. HP: 47/47 MP: 1/1
    13 | D        | Reached XP level 3. HP: 53/53 MP: 2/2
    13 | D        | Reached XP level 4. HP: 61/61 MP: 3/3
    13 | D        | Reached XP level 5. HP: 68/68 MP: 4/4
    13 | D        | Reached XP level 6. HP: 75/75 MP: 5/5
    13 | D        | Reached XP level 7. HP: 82/82 MP: 6/6
    13 | D        | Reached XP level 8. HP: 90/90 MP: 7/7
    13 | D        | Reached XP level 9. HP: 96/96 MP: 8/8
    13 | D        | Reached XP level 10. HP: 104/104 MP: 9/9
    13 | D        | Reached XP level 11. HP: 111/111 MP: 10/10
    13 | D        | Reached XP level 12. HP: 118/118 MP: 11/11
    13 | D        | Reached XP level 13. HP: 125/125 MP: 12/12
    13 | D        | Killed a meat berserker
    13 | D        | Reached * piety under Makhleb
    13 | D        | Reached XP level 14. HP: 138/138 MP: 13/13
    14 | D        | Noticed a bag of meat
    14 | D        | Killed a bag of meat
    14 | D        | Reached skill level 10 in Throwing
    14 | D        | Reached XP level 15. HP: 122/149 MP: 14/14
    14 | D        | Reached skill level 27 in Armour
    15 | D        | Noticed a meat berserker
    15 | D        | Killed a meat berserker
    15 | D        | Reached ** piety under Makhleb
    15 | D        | Reached XP level 16. HP: 170/170 MP: 15/15
    15 | D        | Killed a meat berserker
    15 | D        | Reached XP level 17. HP: 184/184 MP: 16/16
    16 | D        | Reached skill level 15 in Throwing
    17 | D        | Killed a meat berserker
    17 | D        | Reached *** piety under Makhleb
    17 | D        | Reached skill level 27 in Fighting
    17 | D        | Reached XP level 18. HP: 200/200 MP: 17/17
    19 | D        | Noticed a meat berserker
    19 | D        | Noticed a meat berserker
    19 | D        | Noticed a meat berserker
    20 | D        | Noticed a meat berserker
    20 | D        | Reached skill level 1 in Stealth
    20 | D        | Reached **** piety under Makhleb
    21 | D        | Reached XP level 19. HP: 207/207 MP: 18/18
    22 | D        | Noticed a meat berserker
    22 | D        | Reached skill level 5 in Stealth
    22 | D        | Reached ***** piety under Makhleb
    22 | D        | Reached skill level 27 in Axes
    22 | D        | Reached skill level 27 in Dodging
    22 | D        | Noticed a destroyer
    23 | D        | Noticed a large bag of meat
    23 | D        | Killed a meat berserker
    23 | D        | Reached XP level 20. HP: 216/216 MP: 19/19
    24 | D        | Killed a meat berserker
    24 | D        | Reached skill level 27 in Throwing
    25 | D        | Killed a meat berserker
    25 | D        | Reached skill level 27 in Stealth
    25 | D        | Reached XP level 21. HP: 224/224 MP: 20/20
    25 | D        | Noticed a destroyer
    26 | D        | Noticed a meat berserker
    26 | D        | Killed a destroyer
    26 | D        | Reached skill level 15 in Unarmed Combat
    27 | D        | Noticed a destroyer
    27 | D        | Killed a meat berserker
    27 | D        | Reached XP level 22. HP: 233/233 MP: 20/41
    27 | D        | Reached ****** piety under Makhleb
    30 | D        | Noticed a destroyer
    30 | D        | Reached skill level 27 in Unarmed Combat
    30 | D        | Reached skill level 27 in Invocations
    30 | D        | Reached XP level 23. HP: 240/240 MP: 20/48
    31 | D        | Noticed a destroyer
    31 | D        | Reached skill level 27 in Spellcasting
    33 | D        | Reached XP level 24. HP: 249/249 MP: 21/53
    35 | D        | Noticed a destroyer
    35 | D        | Killed a destroyer
    35 | D        | Reached XP level 25. HP: 257/257 MP: 22/53
    36 | D        | Noticed a destroyer
    36 | D        | Killed a destroyer
    38 | D        | Noticed a destroyer
    38 | D        | Killed a destroyer
    38 | D        | Reached XP level 26. HP: 256/266 MP: 22/53
    40 | D        | Killed a destroyer
    41 | D        | Killed a destroyer
    42 | D        | Killed a destroyer
    42 | D        | Reached XP level 27. HP: 273/273 MP: 23/53
    43 | D        | Noticed a destroyer
    43 | D        | Noticed a destroyer
    43 | D        | Killed a destroyer
    44 | D        | Noticed a destroyer
    46 | D        | Killed a destroyer
    47 | D        | Killed a destroyer
    47 | D        | Killed a destroyer
    48 | D        | Noticed a destroyer
    51 | D        | Noticed a tyrant
    52 | D        | Noticed a destroyer
    54 | D        | Noticed a destroyer
    56 | D        | Noticed a destroyer
    56 | D        | Killed a destroyer
    58 | D        | Noticed an accursed
    60 | D        | Killed a destroyer
    61 | D        | Killed a destroyer
    62 | D        | Noticed a destroyer
    62 | D        | Noticed a destroyer
    63 | D        | Noticed a tyrant
    63 | D        | Killed a tyrant
    64 | D        | Killed an accursed
    66 | D        | Noticed a dread
    66 | D        | Killed a destroyer
    68 | D        | Noticed a meat beast
    68 | D        | Noticed a tyrant
    69 | D        | Noticed The Captor
    69 | D        | Killed a destroyer
    71 | D        | Noticed an accursed
    71 | D        | Noticed a tyrant
    71 | D        | Killed a dread
    72 | D        | Killed a meat beast
    73 | D        | Noticed The Servant
    73 | D        | Noticed a dread
    73 | D        | Noticed a dread
    74 | D        | Killed a tyrant
    75 | D        | Noticed a tyrant
    78 | D        | Killed a tyrant
    78 | D        | Killed a dread
    81 | D        | Killed The Captor
    82 | D        | Noticed a destroyer
    83 | D        | Killed a destroyer
    86 | D        | Annihilated by The Servant

Skill      XL: |  1  2  3  4  5  6  7  8  9 10 11 12 13 14 15 16 17 18 19 20 21 22 23 |
---------------+----------------------------------------------------------------------+-----
Fighting       | 14 16 17 22 24 27 | 27.0
Axes           | 10 12 13 16 18 20 24 27 | 27.0
Throwing       | 8 9 10 13 14 17 20 26 27 | 27.0
Armour         | 22 25 26 27 | 27.0
Dodging        | 10 12 13 16 18 21 25 27 | 27.0
Stealth        | 3 9 27 | 27.0
Unarmed Combat | 20 27 | 27.0
Spellcasting   | 16 22 27 | 27.0
Invocations    | 20 27 | 27.0
Short Blades   | |  1.0
Bows           | |  1.7

Action                   |  1- 3 |  4- 6 |  7- 9 | 10-12 | 13-15 | 16-18 | 19-21 | 22-24 | 25-27 || total
-------------------------+-------+-------+-------+-------+-------+-------+-------+-------+-------++-------
Melee: Executioner's axe |     1 |       |       |       |     2 |     4 |     6 |     7 |    41 ||    61
Invok: Greater Servant o |       |       |       |       |       |       |       |       |     1 ||     1
 Stab: Distracted        |       |       |       |       |       |       |       |       |     1 ||     1
Armor: Scale mail        |       |       |       |       |       |       |       |       |     1 ||     1
Dodge: Dodged            |     1 |       |       |       |       |     1 |       |       |     4 ||     6
